| TOP OF THE 1ST |
|
Brooklyn Cyclones batting - Pitching for Tri-City Dust Devils : RHP Takahide Watanabe
|
|
Pitching: RHP Takahide Watanabe
|
|
|
Batting: LHB Jose Chavez
|
0-0: Called Strike 0-1: Ball 1-1: Called Strike 1-2: Ball 2-2: Ball 3-2: Foul Ball, location: 2F 3-2: Strikes out swinging, 2-3 out at first.
|
|
Batting: LHB Adam Barry
|
0-0: Ball 1-0: Foul Ball, location: 2F 1-1: Ball 2-1: Swinging Strike 2-2: Ball 3-2: Ground out 4-3 (Groundball, 4, EV 80.0 MPH)
|
|
Batting: LHB Kodai Furuki
|
0-0: Ball 1-0: SINGLE (Groundball, 34D, EV 95.6 MPH)
|
|
Batting: SHB Julio Ramos
|
0-0: Ball 1-0: Called Strike 1-1: Called Strike Kodai Furuki is caught stealing 2nd base 2-6
|
| Top of the 1st over - 0 runs, 1 hit, 0 errors, 0 left on base; Brooklyn 0 - Tri-City 0 |
| BOTTOM OF THE 1ST |
|
Tri-City Dust Devils batting - Pitching for Brooklyn Cyclones : RHP Robbie Beerbower
|
|
Pitching: RHP Robbie Beerbower
|
|
|
Batting: RHB Ruben Luis
|
0-0: Ground out 4-3 (Groundball, 4, EV 98.1 MPH)
|
|
Batting: LHB Roger Duque
|
0-0: Ball 1-0: Ball 2-0: Ball 3-0: Called Strike 3-1: Base on Balls
|
|
Batting: RHB Hector Fernandez
|
0-0: Called Strike 0-1: Foul Ball, location: 2F 0-2: Ball 1-2: Foul Ball, location: 2F 1-2: Strikes out swinging
|
|
Batting: LHB Frank McConnell
|
0-0: Ball 1-0: SINGLE (Line Drive, 8RS, EV 89.4 MPH) Roger Duque to second Runner from 2nd tries for 3rd, SAFE, throw by CF made to third
|
|
Batting: RHB Jaden Scott
|
0-0: Ball 1-0: Ball 2-0: Fly out, F9 (Flyball, 89S, EV 91.3 MPH)
|
| Bottom of the 1st over - 0 runs, 1 hit, 0 errors, 2 left on base; Brooklyn 0 - Tri-City 0 |
| TOP OF THE 2ND |
|
Brooklyn Cyclones batting - Pitching for Tri-City Dust Devils : RHP Takahide Watanabe
|
|
Batting: SHB Julio Ramos
|
0-0: Ground out 5-3 (Groundball, 56, EV 100.0 MPH)
|
|
Batting: RHB Leo Roman
|
0-0: Called Strike 0-1: Ball 1-1: Foul Ball, location: 2F 1-2: Foul Ball, location: 2F 1-2: Foul Ball, location: 2F 1-2: Strikes out looking
|
|
Batting: LHB Manny Caldera
|
0-0: Ground out 5-3 (Groundball, 56, EV 83.8 MPH)
|
| Top of the 2nd over - 0 runs, 0 hits, 0 errors, 0 left on base; Brooklyn 0 - Tri-City 0 |
| BOTTOM OF THE 2ND |
|
Tri-City Dust Devils batting - Pitching for Brooklyn Cyclones : RHP Robbie Beerbower
|
|
Batting: LHB Paul Adams
|
0-0: Called Strike 0-1: Swinging Strike 0-2: Ball 1-2: Strikes out swinging
|
|
Batting: RHB Joe Weissman
|
0-0: Ball 1-0: Swinging Strike 1-1: Ball 2-1: Ball 3-1: Called Strike 3-2: SINGLE (Groundball, 6MD, EV 104.4 MPH)
|
|
Batting: RHB Bryan Pitcher
|
0-0: Grounds into double play, 6-4-3 (Groundball, 6, EV 89.4 MPH)
|
| Bottom of the 2nd over - 0 runs, 1 hit, 0 errors, 0 left on base; Brooklyn 0 - Tri-City 0 |
| TOP OF THE 3RD |
|
Brooklyn Cyclones batting - Pitching for Tri-City Dust Devils : RHP Takahide Watanabe
|
|
Batting: RHB Oscar Chairez
|
0-0: Swinging Strike 0-1: Ball 1-1: Bunt missed! 1-2: Ball 2-2: Foul Ball, location: 2F 2-2: Strikes out swinging
|
|
Batting: RHB Hyeok Kim
|
0-0: Called Strike 0-1: Fly out, F7 (Flyball, 7, EV 76.9 MPH)
|
|
Batting: RHB Louwe Starmans
|
0-0: SINGLE (Groundball, 6MD, EV 105.0 MPH)
|
|
Batting: LHB Jose Chavez
|
0-0: SINGLE (Groundball, 56D, EV 105.6 MPH) Louwe Starmans to second
|
|
Batting: LHB Adam Barry
|
0-0: Called Strike 0-1: Ball 1-1: Ground out 4-3 (Groundball, 4, EV 92.5 MPH)
|
| Top of the 3rd over - 0 runs, 2 hits, 0 errors, 2 left on base; Brooklyn 0 - Tri-City 0 |
| BOTTOM OF THE 3RD |
|
Tri-City Dust Devils batting - Pitching for Brooklyn Cyclones : RHP Robbie Beerbower
|
|
Batting: RHB Ron Major
|
0-0: Called Strike 0-1: Ball 1-1: Reached on error, E3 (Groundball, 23, EV 85.6 MPH)
|
|
Batting: RHB Ruben Luis
|
0-0: Ground out 4-3 (Groundball, 4S, EV 73.1 MPH) Ron Major to second
|
|
Batting: LHB Roger Duque
|
0-0: Called Strike 0-1: Ground out 4-3 (Groundball, 4, EV 90.6 MPH) Ron Major to third
|
|
Batting: RHB Hector Fernandez
|
0-0: Ball 1-0: Ball 2-0: SINGLE (Groundball, 6D, EV 101.9 MPH) Ron Major scores
|
|
Batting: LHB Frank McConnell
|
0-0: Ball Hector Fernandez is caught stealing 2nd base 2-6
|
| Bottom of the 3rd over - 1 run, 1 hit, 1 error, 0 left on base; Brooklyn 0 - Tri-City 1 |
| TOP OF THE 4TH |
|
Brooklyn Cyclones batting - Pitching for Tri-City Dust Devils : RHP Takahide Watanabe
|
|
Batting: LHB Kodai Furuki
|
0-0: Ball 1-0: Called Strike 1-1: Ball 2-1: Ball 3-1: DOUBLE (Flyball, 78XD, EV 103.1 MPH)
|
|
Batting: SHB Julio Ramos
|
0-0: Called Strike 0-1: Ball 1-1: Foul Ball, location: 2F 1-2: Ball 2-2: Strikes out swinging
|
|
Batting: RHB Leo Roman
|
0-0: Swinging Strike 0-1: SINGLE (Groundball, 6MD, EV 100.6 MPH) Kodai Furuki to third Runner from 3rd tries for Home, SAFE, throw by CF to home
|
|
Batting: LHB Manny Caldera
|
0-0: Ball 1-0: Ball 2-0: Fielders Choice at 2nd, 1-4 (Groundball, 15S, EV 71.9 MPH)
|
|
Batting: RHB Oscar Chairez
|
0-0: Called Strike 0-1: Ground out 1-3 (Groundball, P, EV 70.0 MPH)
|
| Top of the 4th over - 1 run, 2 hits, 0 errors, 1 left on base; Brooklyn 1 - Tri-City 1 |
| BOTTOM OF THE 4TH |
|
Tri-City Dust Devils batting - Pitching for Brooklyn Cyclones : RHP Robbie Beerbower
|
|
Batting: LHB Frank McConnell
|
0-0: Called Strike 0-1: DOUBLE (Flyball, 89D, EV 98.1 MPH)
|
|
Batting: RHB Jaden Scott
|
0-0: Ball 1-0: Ball 2-0: Ball 3-0: Base on Balls
|
|
Batting: LHB Paul Adams
|
0-0: Ball 1-0: DOUBLE (Line Drive, 89XD, EV 113.1 MPH) Frank McConnell scores Jaden Scott to third
|
|
Batting: RHB Joe Weissman
|
0-0: Ball 1-0: Foul Ball, location: 2F 1-1: Ball 2-1: Ball 3-1: Fly out, F6 (Popup, 6M, EV 68.1 MPH)
|
|
Batting: RHB Bryan Pitcher
|
0-0: Ball 1-0: Ball 2-0: Called Strike 2-1: Foul Ball, location: 2F 2-2: Ball 3-2: Ground out 4-3 (Groundball, 4, EV 84.4 MPH) Jaden Scott scores Paul Adams to third
|
|
Batting: RHB Ron Major
|
0-0: Ball 1-0: Foul Ball, location: 2F 1-1: Ground out 2-3 (Groundball, 15S, EV 74.4 MPH)
|
| Bottom of the 4th over - 2 runs, 2 hits, 0 errors, 1 left on base; Brooklyn 1 - Tri-City 3 |
| TOP OF THE 5TH |
|
Brooklyn Cyclones batting - Pitching for Tri-City Dust Devils : RHP Takahide Watanabe
|
|
Batting: RHB Hyeok Kim
|
0-0: Ground out 6-3 (Groundball, 6, EV 81.9 MPH)
|
|
Batting: RHB Louwe Starmans
|
0-0: Ball 1-0: Ground out 6-3 (Groundball, 6, EV 78.8 MPH)
|
|
Batting: LHB Jose Chavez
|
0-0: Ball 1-0: Called Strike 1-1: Fly out, F5 (Popup, 25, EV 82.5 MPH)
|
| Top of the 5th over - 0 runs, 0 hits, 0 errors, 0 left on base; Brooklyn 1 - Tri-City 3 |
| BOTTOM OF THE 5TH |
|
Tri-City Dust Devils batting - Pitching for Brooklyn Cyclones : RHP Robbie Beerbower
|
|
Batting: RHB Ruben Luis
|
0-0: Called Strike 0-1: Bunted foul 0-2: Ball 1-2: Ball 2-2: Ground out 3-1 (Groundball, 34, EV 115.0 MPH)
|
|
Batting: LHB Roger Duque
|
0-0: Foul Ball, location: 2F 0-1: Foul Ball, location: 2F 0-2: Fly out, F6 (Popup, 6M, EV 60.0 MPH)
|
|
Batting: RHB Hector Fernandez
|
0-0: Ball 1-0: Foul Ball, location: 2F 1-1: SOLO HOME RUN (Flyball, 7D, EV 100.6 MPH), Distance : 371 ft
|
|
Batting: LHB Frank McConnell
|
0-0: Swinging Strike 0-1: Called Strike 0-2: Foul Ball, location: 2F 0-2: Ball 1-2: Ball 2-2: Foul Ball, location: 2F 2-2: Fly out, F8 (Flyball, 8RS, EV 88.8 MPH)
|
| Bottom of the 5th over - 1 run, 1 hit, 0 errors, 0 left on base; Brooklyn 1 - Tri-City 4 |
| TOP OF THE 6TH |
|
Brooklyn Cyclones batting - Pitching for Tri-City Dust Devils : RHP Takahide Watanabe
|
|
Batting: LHB Adam Barry
|
0-0: Ball 1-0: Foul Ball, location: 2F 1-1: Ball 2-1: Ground out U3 (Groundball, 34S, EV 68.8 MPH)
|
|
Batting: LHB Kodai Furuki
|
0-0: Reached on error, E3 (Groundball, 34, EV 89.4 MPH)
|
|
Batting: SHB Julio Ramos
|
0-0: Ball Wild Pitch! Kodai Furuki to second 1-0: Ball 2-0: Ball 3-0: Called Strike 3-1: Called Strike 3-2: Ground out 1-3 (Groundball, 34S, EV 76.9 MPH) Kodai Furuki to third
|
|
Batting: RHB Leo Roman
|
0-0: Called Strike 0-1: Foul Ball, location: 2F 0-2: Strikes out looking
|
| Top of the 6th over - 0 runs, 0 hits, 1 error, 1 left on base; Brooklyn 1 - Tri-City 4 |
| BOTTOM OF THE 6TH |
|
Tri-City Dust Devils batting - Pitching for Brooklyn Cyclones : RHP Robbie Beerbower
|
|
Batting: RHB Jaden Scott
|
0-0: Foul Ball, location: 2F 0-1: Ball 1-1: Ball 2-1: Called Strike 2-2: Fly out, F9 (Line Drive, 9D, EV 89.4 MPH)
|
|
Batting: LHB Paul Adams
|
0-0: Ball 1-0: DOUBLE (Line Drive, 89M, EV 106.9 MPH)
|
|
Batting: RHB Joe Weissman
|
0-0: Ball 1-0: Fly out, F9 (Flyball, 89D, EV 101.3 MPH) Runner from 2nd tags up, SAFE at 3rd with throw by RF
|
|
Pitching: RHP Alastair Henry
|
|
|
Batting: RHB Bryan Pitcher
|
0-0: Ball 1-0: Called Strike 1-1: Ball 2-1: Foul Ball, location: 2F 2-2: Foul Ball, location: 2F 2-2: Strikes out swinging
|
| Bottom of the 6th over - 0 runs, 1 hit, 0 errors, 1 left on base; Brooklyn 1 - Tri-City 4 |
| TOP OF THE 7TH |
|
Brooklyn Cyclones batting - Pitching for Tri-City Dust Devils : RHP Takahide Watanabe
|
|
Batting: LHB Manny Caldera
|
0-0: Ball 1-0: Called Strike 1-1: Ball 2-1: Swinging Strike 2-2: Ball 3-2: SINGLE (Line Drive, 8LS, EV 109.4 MPH)
|
|
Batting: RHB Oscar Chairez
|
0-0: Sac Bunt to 2L - play at first, batter OUT! 2-3 Manny Caldera to second
|
|
Batting: RHB Hyeok Kim
|
0-0: Called Strike 0-1: Swinging Strike 0-2: Strikes out swinging
|
|
Batting: RHB Louwe Starmans
|
0-0: Foul Ball, location: 2F 0-1: Foul Ball, location: 2F 0-2: Ball 1-2: Foul Ball, location: 2F 1-2: Ball 2-2: Ground out 1-3 (Groundball, 34S, EV 66.9 MPH)
|
| Top of the 7th over - 0 runs, 1 hit, 0 errors, 1 left on base; Brooklyn 1 - Tri-City 4 |
| BOTTOM OF THE 7TH |
|
Tri-City Dust Devils batting - Pitching for Brooklyn Cyclones : RHP Alastair Henry
|
|
Batting: RHB Ron Major
|
0-0: Ball 1-0: Ball 2-0: Ball 3-0: Called Strike 3-1: Ground out 6-3 (Groundball, 6, EV 85.0 MPH)
|
|
Batting: RHB Ruben Luis
|
0-0: Ball 1-0: Foul Ball, location: 2F 1-1: Ball 2-1: Fly out, F9 (Flyball, 9LS, EV 91.3 MPH)
|
|
Batting: LHB Roger Duque
|
0-0: Called Strike 0-1: Called Strike 0-2: Foul Ball, location: 2F 0-2: Ball 1-2: Strikes out looking
|
| Bottom of the 7th over - 0 runs, 0 hits, 0 errors, 0 left on base; Brooklyn 1 - Tri-City 4 |
| TOP OF THE 8TH |
|
Brooklyn Cyclones batting - Pitching for Tri-City Dust Devils : RHP Takahide Watanabe
|
|
Batting: LHB Jose Chavez
|
0-0: Ball 1-0: Fly out, F7 (Flyball, 78S, EV 83.8 MPH)
|
|
Batting: LHB Adam Barry
|
0-0: Called Strike 0-1: SINGLE (Line Drive, 56D, EV 95.6 MPH)
|
|
Batting: LHB Kodai Furuki
|
0-0: Called Strike 0-1: Foul Ball, location: 2F 0-2: Ball 1-2: Strikes out swinging
|
|
Batting: SHB Julio Ramos
|
0-0: Called Strike 0-1: Ball Passed Ball! Adam Barry to second 1-1: SINGLE (Groundball, 6S, EV 72.5 MPH) (infield hit) Adam Barry to third
|
|
Batting: RHB Leo Roman
|
0-0: Called Strike 0-1: Foul Ball, location: 2F 0-2: Ball 1-2: Strikes out swinging
|
| Top of the 8th over - 0 runs, 2 hits, 0 errors, 2 left on base; Brooklyn 1 - Tri-City 4 |
| BOTTOM OF THE 8TH |
|
Tri-City Dust Devils batting - Pitching for Brooklyn Cyclones : RHP Alastair Henry
|
|
Pitching: RHP Stan Pitcher
|
|
|
Batting: RHB Hector Fernandez
|
0-0: Called Strike 0-1: Called Strike 0-2: Ball 1-2: Ground out 4-3 (Groundball, 4, EV 91.9 MPH)
|
|
Batting: LHB Frank McConnell
|
0-0: Swinging Strike 0-1: Called Strike 0-2: Foul Ball, location: 2F 0-2: Ball 1-2: Strikes out swinging
|
|
Batting: RHB Jaden Scott
|
0-0: Ball 1-0: Ball 2-0: Ball 3-0: Called Strike 3-1: Fly out, F9 (Line Drive, 9, EV 92.5 MPH)
|
| Bottom of the 8th over - 0 runs, 0 hits, 0 errors, 0 left on base; Brooklyn 1 - Tri-City 4 |
| TOP OF THE 9TH |
|
Brooklyn Cyclones batting - Pitching for Tri-City Dust Devils : RHP Takahide Watanabe
|
|
Batting: LHB Manny Caldera
|
0-0: Called Strike 0-1: Foul Ball, location: 2F 0-2: Ball 1-2: Foul Ball, location: 2F 1-2: Ball 2-2: Foul Ball, location: 2F 2-2: Strikes out swinging
|
|
Pitching: LHP Andy Silveira
|
|
|
Batting: RHB Oscar Chairez
|
0-0: Called Strike 0-1: Swinging Strike 0-2: Ball 1-2: Foul Ball, location: 2F 1-2: Foul Ball, location: 2F 1-2: Strikes out swinging
|
|
Batting: RHB Hyeok Kim
|
0-0: Ball 1-0: Called Strike 1-1: Ball 2-1: Ball 3-1: Ground out 5-3 (Groundball, 5S, EV 64.4 MPH)
|
| Top of the 9th over - 0 runs, 0 hits, 0 errors, 0 left on base; Brooklyn 1 - Tri-City 4 |
|